 Dungeon Crawl Stone Soup version 0.29-a0-322-g68df515428 (webtiles) character file.

Game seed: 4477893204832161768

504 YayAnonymity the Slasher (level 6, -4/48 HPs)
             Began as a Draconian Gladiator on Apr 6, 2022.
             Slain by Pikel
             ... wielding a +2 whip of freezing
              (6 damage)
             ... on level 3 of the Dungeon.
             The game lasted 00:05:14 (4687 turns).

YayAnonymity the Slasher (Draconian Gladiator)      Turns: 4687, Time: 00:05:15

Health: -4/48      AC:  8    Str: 16    XL:     6   Next: 96%
Magic:  6/6        EV: 13    Int:  9    God:
Gold:   147        SH:  0    Dex: 14    Spells: 5/5 levels left

rFire   . . .      SeeInvis .   a - +0 long sword
rCold   . . .      Faith    .   (no shield)
rNeg    . . .      Spirit   .   (body armour unavailable)
rPois   .          Reflect  .   b - +0 hat
rElec   .          Harm     .   (no cloak)
rCorr   .          Rampage  .   r - +0 pair of gloves
Will    .....                   e - +0 pair of boots
Stlth   +.........              (no amulet)
HPRegen 0.16/turn               (no ring)
MPRegen 0.10/turn               (no ring)

@: brilliant
A: AC +6, unfitting armour, cold-blooded
a: no special abilities


You were on level 3 of the Dungeon.
You visited 1 branch of the dungeon, and saw 4 of its levels.

You collected 147 gold pieces.

Inventory:

Hand Weapons
 a - a +0 long sword (weapon)
Missiles
 c - 2 throwing nets (quivered)
 d - a javelin
 m - 21 poisoned darts
Armour
 b - a +0 hat (worn)
 e - a +0 pair of boots (worn)
 r - a +0 pair of gloves (worn)
Jewellery
 i - a +6 ring of dexterity
Scrolls
 f - 3 scrolls of vulnerability {unknown}
 g - a scroll of amnesia {unknown}
 h - a scroll of blinking {unknown}
 j - 2 scrolls of identify {unknown}
 k - a scroll of acquirement {unknown}
 t - a scroll of immolation {unknown}
 u - a scroll of fog {unknown}
 w - a scroll of enchant weapon {unknown}
Potions
 l - 2 potions of curing {unknown}
 n - a potion of ambrosia {unknown}
 o - 2 potions of brilliance
 p - a potion of magic {unknown}
 q - a potion of resistance {unknown}
 s - a potion of degeneration {unknown}
 v - a potion of mutation {unknown}


   Skills:
 - Level 2.1 Fighting
 * Level 6.7 Long Blades
 - Level 1.7 Throwing
 + Level 4.6 Dodging


You had 5 spell levels left.
You didn't know any spells.
Your spell library contained the following spells:

 Spells                   Type           Power      Damage    Failure   Level
 Summon Small Mammal      Summ           0%         N/A       38%         1
 Call Canine Familiar     Summ           0%         N/A       77%         3
 Summon Guardian Golem    Hex/Summ       0%         N/A       77%         3
 Animate Dead             Necr           0%         N/A       99%         4
 Hailstorm                Conj/Ice       0%         3d3       99%         4
 Ice Form                 Ice/Tmut       0%         N/A       99%         4
 Simulacrum               Ice/Necr       0%         N/A       100%        6
 Haunt                    Necr/Summ      0%         N/A       100%        7
 Infestation              Necr           0%         N/A       100%        8


Dungeon Overview and Level Annotations

Branches:
Dungeon (4/15)
 Temple: D:4-7

Altars:
Kikubaaqudgha

Shops:
D:2 [!?

Annotations:
D:3 Pikel


Innate Abilities, Weirdness & Mutations

Your plain brown scales are hard. (AC +6)
You cannot fit into any form of body armour.
You are cold-blooded and may be slowed by cold attacks.


Message History

There is a stone staircase leading up here.
Pikel hits you with a +2 whip of freezing.
You feel yourself slow down. Pikel freezes you.
You climb upwards.
You feel yourself speed up.
There is a stone staircase leading down here.
You slash Pikel!
Pikel is lightly wounded.
Pikel hits you with a +2 whip of freezing.
You feel yourself slow down. Pikel freezes you.
You hit Pikel but do no damage.
Pikel is lightly wounded.
Pikel hits you with a +2 whip of freezing!
You feel as though you will be slow longer.
Pikel freezes you. Pikel misses you.
You hit Pikel but do no damage.
Pikel is lightly wounded.
Pikel hits you with a +2 whip of freezing!
You feel as though you will be slow longer.
Pikel freezes you.
You closely miss Pikel.
Pikel is lightly wounded.
Pikel hits you with a +2 whip of freezing.
Pikel freezes you.
* * * LOW HITPOINT WARNING * * *
Pikel hits you with a +2 whip of freezing.
* * * LOW HITPOINT WARNING * * *
Pikel freezes you.
* * * LOW HITPOINT WARNING * * *
You closely miss Pikel.
Pikel is lightly wounded.
Pikel hits you with a +2 whip of freezing.
* * * LOW HITPOINT WARNING * * *
Pikel freezes you.
* * * LOW HITPOINT WARNING * * *
Pikel hits you but does no damage.
It was a potion of brilliance.
You feel clever all of a sudden.
You feel yourself speed up.
Pikel hits you with a +2 whip of freezing.
You die...

.####.####.###.##.##.# #...#####
.##............##.##)# #........
................)[.)>####...####.
.##.......##..###.###)...........
..............# #......).....(.).
..........###.# #####............
..........# #.# #####...####.
.##.......# #.#### #........
.########## #..K@# #...##### ##
####.# #...# # # ######### #.#
##.## # ######.......# #.# #.# #
##........##.# #.# ####.### #
##.###.##.##.###[######......# ##
...# #.##...............##...###.
#### #.#####.####..###..#......#.
#.#####.# #...##..#........


You could see Pikel.

Vanquished Creatures
  Menkaure (D:4)
  An ogre (D:4)
  A hound (D:4)
  Natasha (thrice) (D:2)
  An orc wizard (D:3)
  Robin (D:4)
  8 adders
  A worm (D:2)
  A dart slug (D:1)
  6 orcs (D:3)
  9 endoplasms
  3 giant cockroaches
  16 goblins
  6 hobgoblins
  3 jackals (D:1)
  5 kobolds
  A quokka (D:1)
  8 ball pythons
  5 bats
  5 frilled lizards
  3 rats
88 creatures vanquished.

Notes
Turn   | Place    | Note
-------+----------+-------------------------------------------
     0 | D:1      | YayAnonymity the Draconian Gladiator began the quest for
                  | the Orb.
     0 | D:1      | Reached XP level 1. HP: 17/17 MP: 1/1
   208 | D:1      | Reached XP level 2. HP: 24/24 MP: 2/2
   923 | D:1      | Reached XP level 3. HP: 29/29 MP: 3/3
  1410 | D:1      | Found a faded altar of an unknown god.
  1506 | D:2      | Found Lezoch's Antique Armour Shop.
  1539 | D:2      | Found an ancient bone altar of Kikubaaqudgha.
  1593 | D:2      | Reached skill level 4 in Long Blades
  1845 | D:2      | Found Darr's Magic Scroll Shop.
  1977 | D:2      | Reached XP level 4. HP: 25/36 MP: 4/4
  2191 | D:2      | Noticed Natasha
  2204 | D:2      | Killed Natasha
  2252 | D:2      | Found Sebal's Magic Scroll Emporium.
  2255 | D:2      | Found Tugatsue's Distillery.
  2428 | D:2      | Noticed Natasha
  2433 | D:2      | Killed Natasha
  2434 | D:2      | Reached skill level 5 in Long Blades
  2434 | D:2      | Reached XP level 5. HP: 41/41 MP: 5/5
  2451 | D:2      | Noticed Natasha
  2463 | D:2      | Killed Natasha
  4079 | D:4      | Noticed Robin
  4296 | D:4      | Killed Robin
  4297 | D:4      | Reached XP level 6. HP: 47/48 MP: 6/6
  4351 | D:4      | Reached skill level 6 in Long Blades
  4423 | D:4      | Noticed Menkaure
  4434 | D:4      | Killed Menkaure
  4648 | D:4      | Noticed Pikel
  4686 | D:3      | HP: 2/48 [Pikel/+2 whip of freezing (2)]
  4687 | D:3      | Slain by Pikel

Illustrated notes

Levels and vault maps discovered:
D:1:      minmay_arrival_plants_in_alcoves, layout_basic,
          nicolae_ecumenical_lake_church
D:2:      layout_basic, basic_altar, serial_shops, shop, shop, shop,
          nicolae_square_shop, uniq_natasha
D:3:      layout_loops_cross, chequers_serial_rivers_room_b, skrybe_limestone_x
D:4:      layout_cave_pods, minmay_misc_feat_ornament, uniq_menkaure,
          uniq_robin, uniq_pikel

Skill      XL: |  1  2  3  4  5  6 |
---------------+-------------------+-----
Dodging        | 3 4 |  4.6
Long Blades    | 4 5 6 |  6.7
Fighting       | |  2.1
Throwing       | |  1.7

Action                   |  1- 3 |  4- 6 || total
-------------------------+-------+-------++-------
Melee: Long sword        |   117 |   178 ||   295
       Tailslap          |     6 |    25 ||    31
       Punch             |       |     4 ||     4
Throw: Throwing net      |       |     1 ||     1
  Use: Potion            |       |     1 ||     1
 Stab: Sleeping          |     3 |       ||     3
Armor: Skin              |    49 |    79 ||   128
Dodge: Dodged            |    98 |   135 ||   233

Table legend: (Time is in decaauts)
 A = Elapsed time spent in this place.
 B = Non-inter-level travel time spent in this place.
 C = Inter-level travel time spent in this place.
 D = Time resting spent in this place.
 E = Time spent auto-exploring this place.
 F = Levels seen in this place.
 G = Mean time per level.
                   A        B        C        D        E       F      G
               +--------+--------+--------+--------+--------+-----+--------+
         Total |   4755 |   4484 |    271 |    119 |   3588 |   4 | 1188.8 |
       Dungeon |   4755 |   4484 |    271 |    119 |   3588 |   4 | 1188.8 |
               +--------+--------+--------+--------+--------+-----+--------+

Top non-repeatable levels by time:
     D:1: 1526 daAuts
     D:2: 1391 daAuts
     D:3: 1384 daAuts
     D:4: 453 daAuts
